 Dungeon Crawl Stone Soup version 0.29.1-4-g47bece8355 (webtiles) character file.

Game seed: 12198968022330136857

27 Owasis the Scratcher (level 2, 0/12 HPs)
             Began as a Felid Transmuter on Dec 9, 2022.
             Slain by a frilled lizard (1 damage)
             ... on level 2 of the Dungeon.
             The game lasted 00:02:59 (375 turns).

Owasis the Scratcher (Felid Transmuter)              Turns: 375, Time: 00:03:00

Health: 0/12       AC:  1    Str:  6    XL:     2   Next: 93%
Magic:  3/6        EV: 17    Int: 14    God:
Gold:   36         SH:  0    Dex: 16    Spells: 2/5 levels left
                                        Lives:  0   Deaths: 0

rFire   . . .      SeeInvis +     - Unarmed
rCold   . . .      Faith    .   (shield unavailable)
rNeg    . . .      Spirit   .   (body armour unavailable)
rPois   .          Reflect  .   (helmet unavailable)
rElec   .          Harm     .   (cloak unavailable)
rCorr   .          Rampage  .   (gloves unavailable)
Will    .....                   (boots unavailable)
Stlth   ++........              (no amulet)
HPRegen 0.04/turn               a - ring of wizardry
MPRegen 0.10/turn               (no ring)

@: appendages (expiring), wereblooded, quick
A: horns 2, very small, claws 1, fangs 3, see invisible, speed 1, shaggy fur 1,
stealthy paws, no weapons or thrown items, no armour, multi-lived
a: End Transformation


You were on level 2 of the Dungeon.
You had temporarily grown beastly horns.
You visited 1 branch of the dungeon, and saw 2 of its levels.

You collected 36 gold pieces.

Inventory:

Jewellery
 a - a ring of wizardry (left paw)


   Skills:
 * Level 1.2 Fighting
 * Level 3.0 Dodging
 * Level 0.9 Stealth
 * Level 3.5 Unarmed Combat
 * Level 2.2 Spellcasting
 * Level 2.4 Transmutations


You had 2 spell levels left.
You knew the following spells:

 Your Spells              Type           Power      Damage    Failure   Level
a - Beastly Appendage     Tmut           16%        N/A       3%          1
b - Wereblood             Tmut           8%         N/A       5%          2

Your spell library contained the following spells:

 Spells                   Type           Power      Damage    Failure   Level
 Spider Form              Tmut/Pois      4%         N/A       16%         3
 Ice Form                 Ice/Tmut       4%         N/A       45%         4


Dungeon Overview and Level Annotations

Branches:
Dungeon (2/15)

Altars:


Innate Abilities, Weirdness & Mutations

You have temporarily grown beastly horns.
You have sharp claws.
You have razor-sharp teeth.
You have supernaturally acute eyesight. (SInv)
You cover ground quickly. (Speed+)
You are covered in fur. (AC +1)
Your paws help you pounce on unaware monsters.
You are incapable of wielding weapons or throwing items.
You cannot wear armour.
You gain extra lives every three experience levels.


Message History

Your transformation is almost over.
A frilled lizard comes into view.
Casting: Beastly Appendage (safe; 3% risk of failure)
Confirm with . or Enter, or press ? or * to list all spells.
You extend your transformation's duration.
The frilled lizard hisses angrily.
Casting: Beastly Appendage (safe; 3% risk of failure)
Confirm with . or Enter, or press ? or * to list all spells.
Your blood is infused with primal strength.
The ball python bites you. The ball python grabs you.
The ball python constricts you. The hobgoblin hits you.
You closely miss the ball python.
The ball python bites you but does no damage.
The ball python constricts you.
A dart slug comes into view.
You scratch the ball python.
You feel a bit better.
You kill the ball python!
Your transformation is almost over.
The hobgoblin closely misses you.
You scratch the hobgoblin. Your headbutt misses the hobgoblin.
You claw the hobgoblin.
The hobgoblin is almost dead.
The giant cockroach misses you. The hobgoblin hits you.
You scratch the hobgoblin.
You feel a bit better.
You kill the hobgoblin!
The giant cockroach bites you. The giant cockroach closely misses you.
You scratch the giant cockroach.
You bite the giant cockroach, but do no damage.
The giant cockroach is severely wounded.
The frilled lizard bites you.
* * * LOW HITPOINT WARNING * * *
The giant cockroach barely misses you. The giant cockroach barely misses you.
You aren't carrying any potions.
As you read the scroll labelled LOEJAN GOEXKE, it crumbles to dust.
It is a scroll of identify.
You don't have any unidentified items.
You howl as the wereblood boils in your veins!
The frilled lizard bites you.
You die...

#....# #....# #..
#....# #..
#....###.#
###########.....##.#
#...(.....#.....##.#
#(......†.#..)..##.#
#................#.#
#####.####@#...#..<#
#. #l###.....# #
#B..###.†.......
#..#...#####...#.
#........# ##...
.......... #.
#....w...#.
.....#.....
#.#........#


You could see a giant cockroach and a frilled lizard.

Vanquished Creatures
  3 ball pythons
  3 endoplasms (D:1)
  A giant cockroach (D:1)
  3 goblins (D:1)
  4 hobgoblins
  4 jackals (D:1)
  A quokka (D:2)
  A bat (D:1)
  2 kobolds (D:1)
  A rat (D:2)
23 creatures vanquished.

Notes
Turn   | Place    | Note
-------+----------+-------------------------------------------
     0 | D:1      | Owasis the Felid Transmuter began the quest for the Orb.
     0 | D:1      | Reached XP level 1. HP: 9/9 MP: 4/4
   168 | D:1      | Reached XP level 2. HP: 11/12 MP: 4/6
   180 | D:1      | Learned a level 2 spell: Wereblood
   375 | D:2      | Slain by a frilled lizard

Illustrated notes

Levels and vault maps discovered:
D:1:      minmay_arrival_four_loops, layout_rooms, serial_forest,
          infiniplex_forest_lined_3, infiniplex_forest_lined_2,
          infiniplex_forest_clump_small, infiniplex_forest_clump_small,
          infiniplex_forest_lined_3, infiniplex_forest_lined_3,
          bh_walls_and_bars
D:2:      minmay_skewed_foursquare, layout_rooms,
          shapermc_ecumenical_altar_ellora, uniq_terence,
          uniq_crazy_yiuf_cottage

Skill      XL: |  1  2 |
---------------+-------+-----
Dodging        | 3 |  3.0
Fighting       | |  1.2
Stealth        | |  0.9
Unarmed Combat | |  3.5
Spellcasting   | |  2.2
Transmutations | |  2.4

Action                   || total
-------------------------++-------
Melee: Unarmed           ||    51
       Headbutt          ||     6
       Bite              ||     5
       Punch             ||     3
 Cast: Beastly Appendage ||    10
       Wereblood         ||     5
  Use: Potion            ||     1
       Scroll            ||     1
Armor: Skin              ||     9
Dodge: Dodged            ||    58
